 Dungeon Crawl Stone Soup version 0.25-b1-50-g7b83aa72e5 (webtiles) character file.

Game seed: 15086119467373919874

19 nikku the Conjurer (level 2, 0/16 HPs)
             Began as a Deep Elf Conjurer on June 12, 2020.
             Succumbed to a scorpion's poison
             ... on level 2 of the Dungeon.
             The game lasted 00:04:47 (704 turns).

nikku the Conjurer (Deep Elf Conjurer)               Turns: 704, Time: 00:04:48

Health: 0/16       AC:  4    Str:  5    XL:     2   Next: 55%
Magic:  1/8        EV: 15    Int: 19    God:
Gold:   66         SH:  0    Dex: 15    Spells: 7/8 levels left

rFire    . . .     SeeInvis .   (no weapon)
rCold    . . .     Gourm    .   (no shield)
rNeg     . . .     Faith    .   a - +0 robe
rPois    .         Spirit   .   (no helmet)
rElec    .         Reflect  .   (no cloak)
rCorr    .         Harm     .   j - +0 pair of gloves
MR       .....     Rnd*Rage +   i - +0 pair of boots
Stlth    ++........             (no amulet)
HPRegen  0.05/turn              (no ring)
MPRegen  0.11/turn              (no ring)

@: lethally poisoned (0 -> -10), very slightly contaminated, hasted, very quick
A: repulsion field 1, berserk 1, evolution 1
a: no special abilities


You were on level 2 of the Dungeon.
You were not hungry.

You visited 1 branch of the dungeon, and saw 2 of its levels.

You collected 66 gold pieces.

Inventory:

Armour
 a - a +0 robe (worn)
 i - a +0 pair of boots (worn)
 j - a +0 pair of gloves (worn)
Jewellery
 k - an uncursed amulet of faith
Scrolls
 e - a scroll of magic mapping
 g - a scroll of remove curse
Comestibles
 c - a ration


   Skills:
 + Level 0.5 Fighting
 + Level 2.7 Dodging
 + Level 2.4 Stealth
 * Level 3.6 Spellcasting
 + Level 4.5 Conjurations


You had 7 spell levels left.
You knew the following spells:

 Your Spells              Type           Power        Failure   Level  Hunger
a - Magic Dart            Conj           ###.         2%          1    None

Your spell library contained the following spells:

 Spells                   Type           Power        Failure   Level  Hunger
 Searing Ray              Conj           ###...       3%          2    ##.....
 Dazzling Flash           Conj/Hex       ##....       17%         3    ###....
 Fulminant Prism          Conj/Hex       ##........   50%         4    ####...
 Iskenderun's Mystic Bla  Conj/Tloc      ##......     50%         4    ####...


Dungeon Overview and Level Annotations

Branches:
Dungeon (2/15)

Altars:


Innate Abilities, Weirdness & Mutations

You are surrounded by a mild repulsion field. (EV +2)
You tend to lose your temper in combat.
You evolve.


Message History

The scorpion is moderately wounded.
You feel sick. The scorpion misses you.
Throwing (i - inventory)
d - 2 javelins (quivered)
Press: ? - help, Shift-Dir - straight line, f/p - scorpion
Aim: a scorpion (moderately wounded)
You throw a javelin. The javelin barely misses the scorpion.
You feel sick. The scorpion stings you.
* * * LOW HITPOINT WARNING * * *
Throwing (i - inventory)
d - a javelin (quivered)
Press: ? - help, Shift-Dir - straight line, f/p - scorpion
Aim: a scorpion (moderately wounded)
You throw a javelin.
The javelin pierces through the scorpion but does no damage.
The scorpion is moderately wounded.
The scorpion stings you.
* * * LOW HITPOINT WARNING * * *
It was a potion of mutation.
You feel extremely strange.
You begin to radiate repulsive energy.
You feel a little pissed off.
You feel nature experimenting on you.
Don't worry, failures die fast.
You die...

# .##
..#
#.#
#†#
#.#
#s####
#.@..#
######


You could see a scorpion.

Vanquished Creatures
  A dart slug (D:1)
  2 leopard geckos
  3 goblins (D:1)
  A hobgoblin (D:1)
  3 bats (D:1)
  A frilled lizard (D:1)
  2 kobolds (D:1)
  3 rats (D:1)
16 creatures vanquished.

Notes
Turn   | Place    | Note
-------+----------+-------------------------------------------
     0 | D:1      | nikku the Deep Elf Conjurer began the quest for the Orb.
     0 | D:1      | Reached XP level 1. HP: 10/10 MP: 6/6
   220 | D:1      | Reached XP level 2. HP: 15/15 MP: 2/8
   690 | D:2      | Noticed a scorpion
   704 | D:2      | Gained mutation: You are surrounded by a mild repulsion
                  | field. (EV +2) [potion of mutation]
   704 | D:2      | Gained mutation: You tend to lose your temper in combat.
                  | [potion of mutation]
   704 | D:2      | Gained mutation: You evolve. [potion of mutation]
   704 | D:2      | Succumbed to a scorpion's poison

Illustrated notes

Levels and vault maps discovered:
D:1:      heliophobic_arrival_ceremonial_halls, layout_rooms
D:2:      layout_loops_ring, amethyst_overflow_temple_binary, marbit_many_paths,
          first_ration, minmay_tromino_v7

Action                   || total
-------------------------++-------
Throw: Javelin           ||     3
 Cast: Magic Dart        ||    39
  Use: Scroll            ||     2
       Potion            ||     2
Dodge: Dodged            ||     7
